AoeStats
← Mark0

Arena

509024612Analyzed
2v2 RM · 7d ago on Sep 25, 2026· 59m 47s· 4 players
Game mode
Random Map
Map size
Medium (4 player)
Population
200
Speed
Normal
Resources
Standard
Victory
Conquest
Starting age
Dark Age
Ending age
Imperial Age
RankedLock teamsTeams togetherTeam positionsShared explorationLock speedFull tech treeHidden civsTurbo modeCheats
Victory
Defeat
🇦🇷 Varangians · Argentina
918
+12
🇦🇷 Britons · Argentina
910
+12
🇲🇽 Danes · Mexico
844
-12
🇲🇽 Italians · Mexico
821
-12
Mark0
3:02 Loom
12:30 Feudal Age
16:43 Castle Age
15:03 Stone Mining
15:36 Gold Mining
17:29 Wheelbarrow
18:12 Horse Collar
18:23 Double-Bit Axe
23:19 Fletching
23:57 Town Watch
24:54 Murder Holes
25:39 Heavy Plow
30:41 Bow Saw
31:05 Bodkin Arrow
35:52 Imperial Age
33:52 Hand Cart
34:47 Forging
34:37 Scale Mail Armor
34:44 Hamask
36:57 Conscription
37:13 Conscription
40:27 Chemistry
40:25 Squires
40:11 Gambesons
40:12 Arson
41:14 Bracer
45:05 Elite Skirmisher
47:02 Padded Archer Armor
47:50 Stone Shaft Mining
47:53 Gold Shaft Mining
48:30 Ballistics
50:11 Leather Archer Armor
51:26 Thumb Ring
52:11 Ring Archer Armor
56:46 Masonry
57:01 Scale Barding Armor
57:32 Iron Casting
57:11 Bloodlines
57:02 Husbandry
59:03 Chain Barding Armor
58:41 Light Cavalry
PigNoise
1:17 Loom
12:04 Feudal Age
12:32 Horse Collar
12:46 Double-Bit Axe
22:10 Castle Age
20:02 Arson
22:59 Padded Archer Armor
22:50 Fletching
25:39 Pikeman
28:44 Squires
29:21 Husbandry
28:46 Elite Skirmisher
30:06 Bow Saw
33:11 Man-at-Arms
34:10 Bloodlines
35:15 Scale Barding Armor
35:10 Scale Mail Armor
35:21 Forging
35:07 Bodkin Arrow
37:08 Silk Road
37:27 Chain Mail Armor
39:33 Gold Mining
40:24 Heavy Plow
41:30 Wheelbarrow
42:43 Leather Archer Armor
48:03 Hand Cart
48:26 Iron Casting
48:12 Chain Barding Armor
51:51 Town Watch
52:22 Light Cavalry
61:00 Imperial Age
58:26 Stone Mining
GORDONEGEV♿
5:13 Loom
9:42 Feudal Age
12:57 Horse Collar
19:50 Castle Age
19:00 Stone Mining
20:48 Fletching
20:59 Padded Archer Armor
21:10 Double-Bit Axe
21:28 Heavy Plow
22:57 Fervor
23:59 Crossbowman
25:17 Bow Saw
27:27 Leather Archer Armor
27:03 Fletching
28:55 Pikeman
29:36 Squires
29:22 Gambesons
29:54 Elite Skirmisher
31:57 Masonry
32:08 Ballistics
31:49 Bodkin Arrow
32:07 Gold Mining
32:46 Man-at-Arms
39:23 Imperial Age
38:53 Yeomen
41:28 Chemistry
41:32 Two-Man Saw
41:41 Conscription
40:45 Arbalester
43:15 Wheelbarrow
42:54 Warwolf
44:22 Hand Cart
43:42 Elite Longbowman
44:25 Long Swordsman
45:54 Two-Handed Swordsman
50:17 Bracer
50:47 Ring Archer Armor
50:28 Forging
50:19 Scale Mail Armor
50:27 Siege Engineers
50:36 Town Watch
55:33 Iron Casting
55:13 Chain Mail Armor
55:59 Halberdier
56:25 Arson
57:15 Architecture
56:42 Cranequins
58:57 Gold Shaft Mining
Big-Tula
10:32 Feudal Age
11:05 Double-Bit Axe
11:30 Horse Collar
18:39 Castle Age
18:21 Forging
18:14 Gold Mining
18:43 Loom
18:50 Stone Mining
20:24 Stone Shaft Mining
20:05 Heavy Plow
20:47 Scale Barding Armor
21:02 Town Watch
24:01 Town Patrol
25:11 Fletching
29:51 Ballistics
29:31 Murder Holes
31:01 Wheelbarrow
30:11 Treadmill Crane
32:23 Squires
32:31 Bodkin Arrow
34:32 Husbandry
34:43 Bloodlines
41:07 Imperial Age
39:37 Chain Barding Armor
39:53 Iron Casting
42:30 Hand Cart
44:17 Cavalier
46:07 Conscription
47:03 Crop Rotation
49:47 Plate Barding Armor
49:16 Pikeman
50:47 Elite Jarl
52:12 Scale Mail Armor
52:45 Fervor
55:20 Bow Saw
56:16 Chemistry
56:38 Elite Varangian Guard
56:41 Halberdier
59:08 Gothikon
59:08 Vendel Legacy
61:19 Blast Furnace
60:34 Chain Mail Armor
Connection lost

Rejoining the realm…

Still unreachable

The connection could not be restored.

Session expired

The server has moved on; the page needs a fresh start.